 Dungeon Crawl Stone Soup version 0.31-a0-149-g3fdcc5976a (webtiles) character file.

Game seed: 211619854055119772

95 qw the Shooter (level 4, -2/38 HPs)
             Began as a Minotaur Hunter on June 7, 2023.
             Slain by a gnoll bouda
             ... wielding a +0 whip
              (4 damage)
             ... on level 4 of the Dungeon.
             The game lasted 00:00:42 (2180 turns).

qw the Shooter (Minotaur Hunter)                    Turns: 2180, Time: 00:00:43

Health: -2/38      AC:  6    Str: 15    XL:     4   Next: 39%
Magic:  0/3        EV: 12    Int:  6    God:
Gold:   221        SH:  0    Dex: 16    Spells: 3/3 levels left

rFire   . . .        Y - +1 shortbow
rCold   . . .        (shield currently unavailable)
rNeg    . . .        c - +0 leather armour
rPois   .            (helmet restricted)
rElec   .            (no cloak)
rCorr   .            f - +2 pair of gloves
SInv    .            (no boots)
Will    .....        a - amulet of guardian spirit
Stlth   +            (no ring)
HPRegen 0.26/turn    (no ring)
MPRegen 0.08/turn

%: guardian spirit
@: weakened
A: horns 2, retaliatory headbutt
a: no special abilities


You were on level 4 of the Dungeon.
You visited 1 branch of the dungeon, and saw 4 of its levels.

You collected 221 gold pieces.


Innate Abilities, Weirdness & Mutations

You have a pair of horns on your head.
You reflexively headbutt those who attack you in melee.


   Skills:
 + Level 3.3 Fighting
 - Level 6.0 Ranged Weapons
 - Level 1.0 Armour
 - Level 2.1 Dodging
 - Level 0.7 Stealth


You had 3 spell levels left.
You didn't know any spells.
Your spell library was empty.

Inventory:

Hand Weapons
 Y - a +1 shortbow (weapon)
Armour
 c - a +0 leather armour (worn)
 f - a +2 pair of gloves (worn)
Jewellery
 a - an amulet of guardian spirit (around neck)
Scrolls
 d - a scroll of identify
Potions
 b - a potion of haste {unknown}
 e - 2 potions of curing {unknown}
 g - a potion of degeneration {unknown}
 i - a potion of brilliance {unknown}

Dungeon Overview and Level Annotations

Branches:
Dungeon (4/15)
 Temple: D:4-7

Altars:
Gozag
Trog


Message History

The gnoll is moderately wounded.
The gnoll barely misses you.
The gnoll hits you from afar with a +0 spear.
The gnoll misses you. The gnoll hits you but does no damage.
You shoot an arrow. The arrow barely misses the gnoll.
The arrow hits the gnoll.
The gnoll is severely wounded.
The gnoll hits you from afar with a +0 spear.
The gnoll closely misses you. The gnoll hits you with a +0 whip.
The gnoll barely misses you.
You shoot an arrow.
The arrow hits the gnoll but does no damage.
The gnoll is moderately wounded.
The gnoll hits you from afar with a +0 spear.
The gnoll hits you with a +0 whip.
You shoot an arrow. The arrow closely misses the gnoll.
The arrow hits the gnoll.
The gnoll is almost dead.
The gnoll barely misses you. The gnoll hits you with a +0 whip.
You shoot an arrow. The arrow hits the gnoll.
The gnoll is severely wounded.
The gnoll barely misses you. x2
You shoot an arrow. The arrow hits the gnoll bouda.
The gnoll bouda is lightly wounded.
Your attacks no longer feel as feeble.
The gnoll bouda calls upon its god to heal the gnoll.
The gnoll is healed somewhat.
The gnoll misses you.
You shoot an arrow. The arrow hits the gnoll bouda.
The gnoll bouda is lightly wounded.
The gnoll misses you.
The gnoll bouda hits you with a +0 whip.
The gnoll closely misses you.
You shoot an arrow.
The arrow barely misses the gnoll bouda.
The arrow hits the gnoll.
The gnoll is almost dead.
The gnoll hits you but does no damage.
The gnoll bouda gazes fiercely through you!
You feel your attacks grow feeble.
The gnoll bouda hits you with a +0 whip.
You die...

#.# #.......##
..#
#####.......#
###
#.....#.###.#
#.###....#
###.##.....# #
#...##...#.##.#
#.#...........
#.###.####.###
#. #..@gg## ##
#####g# ...
....# ....#
....# ....#
....#


You could see a gnoll bouda and 2 gnolls.

Vanquished Creatures
  An iguana (D:4)
  2 worms
  7 orcs
  3 bats
  6 endoplasms
  2 giant cockroaches (D:2)
  6 goblins
  7 hobgoblins
  4 jackals (D:4)
  3 quokkas
  A ball python (D:1)
  A frilled lizard (D:2)
  5 kobolds
  A rat (D:1)
49 creatures vanquished.

Notes
Turn   | Place    | Note
-------+----------+-------------------------------------------
     0 | D:1      | qw the Minotaur Hunter began the quest for the Orb.
     0 | D:1      | Reached XP level 1. HP: 18/18 MP: 0/0
     0 | D:1      | 0 ||| qw: Version: 0.2-a-117-gc6b5c8b
     0 | D:1      | 0 ||| qw: Game counter: 2649
     0 | D:1      | 0 ||| qw: Always use a shield: true
     0 | D:1      | 0 ||| qw: God list: Okawaru
     0 | D:1      | 0 ||| qw: Allow faded altars: false
     0 | D:1      | 0 ||| qw: Do Orc after D:15 true
     0 | D:1      | 0 ||| qw: Do second Lair branch before Depths: true
     0 | D:1      | 0 ||| qw: Lair rune preference: random
     0 | D:1      | 0 ||| qw: Plans: Normal
     0 | D:1      | 0 ||| PLANNING D:1-11
    62 | D:1      | Reached XP level 2. HP: 25/25 MP: 1/1
    73 | D:1      | Reached skill level 5 in Ranged Weapons
   293 | D:1      | Reached skill level 3 in Fighting
   685 | D:1      | 685 ||| UPGRADING to +2 pair of gloves.
   690 | D:1      | 690 ||| READING 2 scrolls labelled COIZIM XUVER.
   691 | D:1      | 691 ||| READING scroll labelled SYDAISSU HAO.
   692 | D:1      | 692 ||| READING scroll labelled FANOEB UKHLOUMN.
   693 | D:1      | 693 ||| DROPPING scroll of amnesia.
   694 | D:1      | 694 ||| DROPPING scroll of butterflies.
   810 | D:2      | Reached XP level 3. HP: 31/31 MP: 2/2
   850 | D:2      | You fall into a shaft and drop 1 floor!
   895 | D:3      | 895 ||| READING scroll labelled DIACSU WIAQOP.
   896 | D:3      | 896 ||| READING scroll labelled AGULODUNILL.
   897 | D:3      | 897 ||| READING scroll labelled COITUAGYTY.
   898 | D:3      | 898 ||| READING scroll labelled PORICVINAG.
   899 | D:3      | 899 ||| READING scroll labelled SOG FEREKOUNEDGH.
  1226 | D:3      | Found a bloodstained altar of Trog.
  1314 | D:3      | Found a faded altar of an unknown god.
  1839 | D:3      | 1839 ||| UPGRADING to amulet of guardian spirit.
  1844 | D:3      | 1844 ||| DROPPING amulet of magic regeneration.
  1845 | D:3      | 1845 ||| DRINKING 2 coppery potions.
  1874 | D:3      | 1874 ||| DROPPING potion of lignification.
  1889 | D:4      | Reached skill level 6 in Ranged Weapons
  1889 | D:4      | Reached XP level 4. HP: 38/38 MP: 3/3
  1916 | D:4      | Reached skill level 1 in Armour
  1956 | D:4      | Found an opulent altar of Gozag.
  2171 | D:4      | 2171 ||| Stepping ~*~*~tactically~*~*~ (outnumbered).
  2175 | D:4      | HP: 7/38 [gnoll/+0 whip[a gnoll bouda] (6)]
  2179 | D:4      | HP: 2/38 [gnoll bouda/+0 whip (5)]
  2180 | D:4      | Slain by a gnoll bouda

Levels and vault maps discovered:
D:1:      dpeg_arrival_boxes_within_box, layout_basic
D:2:      layout_rooms
D:3:      layout_basic, mainiacjoe_overflow_surrounded_room,
          shapermc_ecumenical_altar_mp_ritualfount,
          chequers_serial_rivers_room_b, kennysheep_minor_cross,
          serial_bayou_crossing
D:4:      layout_loops_cross, nicolae_gozag_cash_rules_everything_around_me,
          minmay_misc_feat_enclosed

Skill      XL: |  1  2  3  4 |
---------------+-------------+-----
Ranged Weapons | 5 6 |  6.0
Fighting       | 3 |  3.3
Armour         | 1 |  1.0
Dodging        | |  2.1
Stealth        | |  0.7

Action                     |  1- 3 |  4- 6 || total
---------------------------+-------+-------++-------
   Fire: Shortbow          |    85 |    48 ||   133
    Use: Scroll            |     8 |       ||     8
         Potion            |     1 |       ||     1
 Armour: Leather armour    |     2 |     7 ||     9
  Dodge: Dodged            |     5 |    17 ||    22

Table legend:
 A = Non-vault XP
 B = Vault XP
 C = Vault XP percentage of total XP
 D = Non-vault monster count
 E = Vault monster count
 F = Vault count percentage of total count
                 A         B        C        D         E       F
            +---------+---------+-------+---------+---------+-------
      Total |     136 |       0 |   0.0 |      49 |       0 |   0.0
            +---------+---------+-------+---------+---------+-------
        D:1 |      30 |       0 |   0.0 |      17 |       0 |   0.0
        D:2 |      15 |       0 |   0.0 |       7 |       0 |   0.0
        D:3 |      23 |       0 |   0.0 |      11 |       0 |   0.0
        D:4 |      68 |       0 |   0.0 |      14 |       0 |   0.0
            +---------+---------+-------+---------+---------+-------
